 Dungeon Crawl Stone Soup version 0.30.0-21-gd299b56b3f (webtiles) character file.

Game seed: 1126914978522005647

3458 qw the Cleaver (level 10, -4/63 HPs)
             Began as a Gargoyle Fighter on June 2, 2023.
             Was a Follower of Okawaru.
             Slain by a bone dragon (6 damage)
             ... on level 1 of the Abyss.
             The game lasted 00:03:59 (7677 turns).

qw the Cleaver (Gargoyle Fighter)                   Turns: 7677, Time: 00:03:59

Health: -4/63      AC: 33    Str: 27    XL:     10   Next: 6%
Magic:  12/13      EV: 14    Int:  9    God:    Okawaru [*.....]
Gold:   503        SH:  5    Dex:  8    Spells: 9/9 levels left

rFire   . . .        Y - +3 war axe (heavy)
rCold   . . .        c - +0 buckler
rNeg    + . .        y - +0 plate armour
rPois   inf          e - +0 helmet
rElec   +            (no cloak)
rCorr   .            f - +1 pair of gloves
SInv    .            t - +0 pair of boots
Will    .....        (no amulet) Stlth
                     m - +5 ring of evasion
HPRegen 0.30/turn    b - +4 ring of protection
MPRegen 0.13/turn

%: no passive effects
@: about to teleport, heroic, flying
A: sickness immunity, AC +7, negative energy resistance 1, electricity
resistance, torment resistance 1, petrification resistance, big wings,
iridescent scales 1, strong 1, MP-powered wands
a: Renounce Religion, Heroism


You were on level 1 of the Abyss.
You worshipped Okawaru.
Okawaru was aware of your devotion.
You visited 2 branches of the dungeon, and saw 10 of its levels.
You visited the Abyss 1 time.

You collected 629 gold pieces.
You spent 126 gold pieces at shops.


Innate Abilities, Weirdness & Mutations

You are immune to sickness and miasma.
Your stone body is resilient. (AC +7)
You are immune to poison.
You resist negative energy. (rN+)
You are resistant to electric shocks. (rElec)
You are resistant to unholy torment.
You are immune to petrification.
Your large and strong wings let you fly.
You are partially covered in iridescent scales. (AC +2)
Your muscles are strong. (Str +4, Int/Dex -1)
You expend magic power (3 MP) to strengthen your wands.


   Skills:
 - Level 7.1(12.1) Fighting
 - Level 9.9(14.9) Axes
 - Level 2.1(7.1) Throwing
 + Level 5.1(10.1) Armour
 - Level 1.7(6.7) Dodging
 - Level 4.5(9.5) Shields
 - Level 4.1 Invocations


You had 9 spell levels left.
You didn't know any spells.
Your spell library was empty.

Inventory:

Hand Weapons
 s - a +0 flail
 Y - a +3 heavy war axe (weapon)
Missiles
 g - 2 boomerangs
 v - a javelin (quivered)
Armour
 c - a +0 buckler (worn)
 e - a +0 helmet (worn)
 f - a +1 pair of gloves (worn)
 t - a +0 pair of boots (worn)
 y - a +0 plate armour (worn)
Jewellery
 b - a +4 ring of protection (right hand)
 m - a +5 ring of evasion (left hand)
 o - a ring of fire
 w - a ring of protection from cold
 x - a ring of resist corrosion
Scrolls
 a - a scroll of identify
Potions
 d - a potion of might
 h - 3 potions of resistance
 j - a potion of curing
 k - 2 potions of attraction
 l - a potion of haste
 n - a potion of mutation
 q - a potion of lignification

Dungeon Overview and Level Annotations

Branches:
Dungeon (9/15)             Temple (1/1) D:4
   Lair: D:8-11         Orc: D:9-12

Altars:
Ashenzari
Cheibriados
Dithmenos
Elyvilon
Fedhas
Gozag
Hepliaklqana
Kikubaaqudgha
Makhleb
Nemelex Xobeh
Okawaru
Qazlal
Ru
Sif Muna
Trog
Uskayaw
Vehumet
Wu Jian
Xom
Yredelemnul
Zin
The Shining One

Shops:
D:4 [

Annotations:
D:5 3 runed translucent doors, qw's ghost, novice GrFi
D:9 Erolcha


Message History

The bone dragon bites you but does no damage.
The bone dragon claws you but does no damage.
The bone dragon tramples you!
You hold your ground!
You slice the bone dragon like a ripe choko!!!
The bone dragon is heavily damaged.
You hear a horrible gurgling sound! x3
The bone dragon misses you.
The bone dragon claws you but does no damage.
The bone dragon tramples you but does no damage.
You chop the bone dragon into pieces!!!
The bone dragon is severely damaged.
The bone dragon closely misses you.
The bone dragon claws you but does no damage.
The bone dragon closely misses you.
A brown very ugly thing comes into view.
You slice the bone dragon!!
The bone dragon is almost destroyed.
The bone dragon closely misses you.
The bone dragon claws you but does no damage.
The bone dragon tramples you but does no damage.
You hit the bone dragon.
The bone dragon is almost destroyed.
A brown very ugly thing comes into view.
The bone dragon bites you but does no damage.
The bone dragon claws you. The bone dragon closely misses you.
A brown ugly thing comes into view.
The bone dragon bites you! The bone dragon barely misses you.
The bone dragon tramples you.
You are shoved backwards!
The brown ugly thing moves out of view.
7676 ||| READING scroll of teleportation.
As you read the scroll of teleportation, it crumbles to dust.
You feel strangely unstable.
You feel the power of the Abyss delaying your translocation!
The bone dragon bites you but does no damage.
The bone dragon claws you but does no damage.
The bone dragon tramples you!
You are shoved backwards!
You slash the bone dragon!
The bone dragon is almost destroyed.
The bone dragon bites you.
You die...

#.....# .#. .......
... #..... .# ..
#... .# ##.# ##.##
#.##
#...###...###...##
.#.....#.....#.....#
.
.......@D..u.uu..(.
#.....#.....#...(.#.
. #... ##...### ..##
# ##.## ##.## #. #
... ##...###...##
..#
...#.....#.....#.
..# ...... .........
.. ... ..#...
.#.....#.....#.
##...### ..###. .


You could see a bone dragon, 2 very ugly things and a brown ugly thing
(wandering).

Vanquished Creatures
  2 steam dragons (D:8)
  3 water moccasins
  2 orc warriors
  2 ice beasts
  3 sky beasts (D:8)
  2 black bears
  5 ogres
  2 centaurs
  6 scorpions
  3 killer bees (D:7)
  4 jellies
  2 gnoll boudas
  3 hounds
  3 orc priests
  3 iguanas
  12 orc wizards
  2 sleepcaps (D:6)
  Robin (D:3)
  3 gnolls (D:5)
  2 adders
  A shadow imp (D:6)
  5 white imps
  A worm (D:2)
  2 dart slugs (D:4)
  26 orcs
  8 ball pythons
  4 bats
  8 endoplasms
  3 giant cockroaches
  13 goblins
  14 hobgoblins
  7 kobolds
  3 quokkas
  6 frilled lizards
  8 rats
174 creatures vanquished.

Notes
Turn   | Place    | Note
-------+----------+-------------------------------------------
     0 | D:1      | qw the Gargoyle Fighter began the quest for the Orb.
     0 | D:1      | Reached XP level 1. HP: 14/14 MP: 1/1
     0 | D:1      | 0 ||| qw: Version: 0.2-a-102-gdf20003
     0 | D:1      | 0 ||| qw: Game counter: 881
     0 | D:1      | 0 ||| qw: Always use a shield: true
     0 | D:1      | 0 ||| qw: God list: Okawaru
     0 | D:1      | 0 ||| qw: Allow faded altars: false
     0 | D:1      | 0 ||| qw: Do Orc after D:15 true
     0 | D:1      | 0 ||| qw: Do second Lair branch before Depths: true
     0 | D:1      | 0 ||| qw: Lair rune preference: random
     0 | D:1      | 0 ||| qw: Plans: Normal, Zot:1-4, Slime:5, God:TSO, Crypt,
                  | Tomb, Pan, Hells, Abyss, Win
     0 | D:1      | 0 ||| PLANNING D:1-11
    62 | D:1      | Reached skill level 2 in Axes
   139 | D:1      | Reached XP level 2. HP: 16/19 MP: 2/2
   336 | D:1      | 336 ||| Stepping ~*~*~tactically~*~*~ (stealth).
   589 | D:1      | 589 ||| Stepping ~*~*~tactically~*~*~ (stealth).
   590 | D:1      | 590 ||| Stepping ~*~*~tactically~*~*~ (stealth).
   596 | D:1      | Reached skill level 3 in Axes
   701 | D:1      | Reached XP level 3. HP: 23/23 MP: 3/3
   822 | D:1      | 822 ||| UPGRADING to +0 pair of gloves.
   827 | D:1      | 827 ||| DROPPING amulet of magic regeneration.
   828 | D:1      | 828 ||| READING 3 scrolls labelled LEOTOM WOTO.
   829 | D:1      | 829 ||| READING scroll labelled URISHR MAOF ZUTUSEQ.
   843 | D:1      | 843 ||| READING scroll labelled TINNEYF NUYT.
   844 | D:1      | 844 ||| DRINKING 2 murky grey potions.
   845 | D:1      | 845 ||| READING 2 scrolls of identify.
   845 | D:1      | 845 ||| IDENTIFYING pink potion
   993 | D:2      | 993 ||| Stepping ~*~*~tactically~*~*~ (stealth).
  1058 | D:2      | 1058 ||| Stepping ~*~*~tactically~*~*~ (stealth).
  1064 | D:2      | 1064 ||| Stepping ~*~*~tactically~*~*~ (stealth).
  1136 | D:2      | 1136 ||| Stepping ~*~*~tactically~*~*~ (stealth).
  1153 | D:2      | 1153 ||| DROPPING +0 club.
  1595 | D:2      | 1595 ||| UPGRADING to ring of resist corrosion.
  1596 | D:2      | 1596 ||| READING scroll labelled KEIFYO VOEROOR.
  1597 | D:2      | 1597 ||| READING scroll labelled LEZOMNEVYI.
  1598 | D:2      | 1598 ||| READING scroll labelled NUTREU YTRYFOE.
  1599 | D:2      | 1599 ||| READING scroll labelled KYLYFR CUFFIE.
  1600 | D:2      | 1600 ||| DRINKING 3 purple potions.
  1601 | D:2      | 1601 ||| DRINKING 2 bubbling amethyst potions.
  1602 | D:2      | 1602 ||| DRINKING 2 murky dark potions.
  1626 | D:2      | 1626 ||| DROPPING potion of magic.
  1676 | D:3      | Noticed Robin
  1681 | D:3      | Reached XP level 4. HP: 28/28 MP: 4/4
  1690 | D:3      | Killed Robin
  1691 | D:3      | Reached skill level 4 in Axes
  1715 | D:3      | Found a faded altar of an unknown god.
  2399 | D:3      | 2399 ||| UPGRADING to +0 helmet.
  2404 | D:3      | 2404 ||| READING 3 scrolls labelled HUMENN HALEI.
  2408 | D:3      | 2408 ||| READING 2 scrolls of identify.
  2408 | D:3      | 2408 ||| IDENTIFYING black potion
  2426 | D:4      | Noticed a scorpion
  2430 | D:4      | Reached XP level 5. HP: 32/32 MP: 5/5
  2466 | D:4      | Found a staircase to the Ecumenical Temple.
  2467 | D:4      | 2467 ||| PLANNING TEMPLE
  2475 | Temple   | Entered the Ecumenical Temple
  2505 | Temple   | 2505 ||| PLANNING OKAWARU WORSHIP
  2828 | Temple   | Became a worshipper of Warmaster Okawaru
  2828 | Temple   | 2828 ||| PLANNING D:1-11
  2875 | D:4      | Reached skill level 5 in Axes
  2897 | D:4      | 2897 ||| Stepping ~*~*~tactically~*~*~ (stealth).
  2898 | D:4      | 2898 ||| Stepping ~*~*~tactically~*~*~ (stealth).
  2918 | D:4      | 2918 ||| SWAPPING to +1 heavy war axe.
  2919 | D:4      | 2919 ||| DROPPING +0 war axe.
  2948 | D:4      | Reached XP level 6. HP: 38/38 MP: 6/6
  2961 | D:4      | 2961 ||| DROPPING +0 whip.
  3034 | D:4      | Found Lanador's Antique Armour Boutique.
  3042 | D:4      | 3042 ||| SHOPLISTING glowing plate armour (728 gold, have
                  | 172).
  3042 | D:4      | 3042 ||| BUYING pair of boots (126 gold).
  3042 | D:4      | Bought a pair of boots for 126 gold pieces
  3042 | D:4      | 3042 ||| SHOPLISTING pair of runed boots (210 gold, have
                  | 46).
  3058 | D:4      | Found an opulent altar of Gozag.
  3071 | D:4      | Reached skill level 1 in Dodging
  3180 | D:4      | 3180 ||| Stepping ~*~*~tactically~*~*~ (stealth).
  3182 | D:4      | 3182 ||| Stepping ~*~*~tactically~*~*~ (hiding).
  3183 | D:4      | 3183 ||| Stepping ~*~*~tactically~*~*~ (hiding).
  3184 | D:4      | 3184 ||| Stepping ~*~*~tactically~*~*~ (hiding).
  3185 | D:4      | 3185 ||| Stepping ~*~*~tactically~*~*~ (hiding).
  3186 | D:4      | 3186 ||| Stepping ~*~*~tactically~*~*~ (hiding).
  3188 | D:4      | 3188 ||| Stepping ~*~*~tactically~*~*~ (hiding).
  3202 | D:4      | 3202 ||| Stepping ~*~*~tactically~*~*~ (stealth).
  3382 | D:4      | 3382 ||| Stepping ~*~*~tactically~*~*~ (hiding).
  3383 | D:4      | 3383 ||| Stepping ~*~*~tactically~*~*~ (hiding).
  3557 | D:4      | 3557 ||| UPGRADING to +0 pair of boots.
  3562 | D:4      | 3562 ||| UPGRADING to +0 ring mail of cold resistance.
  3572 | D:4      | 3572 ||| READING scroll labelled INOCEI ADWO UNG.
  3603 | D:5      | Entered Level 5 of the Dungeon
  3616 | D:5      | 3616 ||| DRINKING 2 potions of curing.
  3616 | D:5      | 3616 ||| (to cure confusion)
  3626 | D:5      | Reached * piety under Okawaru
  3641 | D:5      | 3641 ||| Stepping ~*~*~tactically~*~*~ (stealth).
  3649 | D:5      | 3649 ||| INVOKING Heroism.
  3656 | D:5      | HP: 7/38 [gnoll/+0 spear[a gnoll bouda] (5)]
  3657 | D:5      | Reached XP level 7. HP: 8/43 MP: 5/7
  3657 | D:5      | 3657 ||| READING 2 scrolls of teleportation.
  3664 | D:5      | 3664 ||| READING scroll of teleportation.
  3800 | D:5      | Reached skill level 6 in Axes
  3932 | D:5      | 3932 ||| Stepping ~*~*~tactically~*~*~ (stealth).
  3978 | D:5      | 3978 ||| INVOKING Heroism.
  4001 | D:5      | 4001 ||| Stepping ~*~*~tactically~*~*~ (hiding).
  4120 | D:5      | Reached skill level 7 in Axes
  4124 | D:5      | 4124 ||| INVOKING Heroism.
  4232 | D:5      | Reached skill level 1 in Invocations
  4232 | D:5      | Reached XP level 8. HP: 49/49 MP: 7/9
  4358 | D:5      | 4358 ||| Stepping ~*~*~tactically~*~*~ (hiding).
  4408 | D:5      | Found a runed translucent gate.
  4408 | D:5      | Found a runed translucent gate.
  4408 | D:5      | Found a runed translucent gate.
  4410 | D:5      | Noticed qw's ghost (novice GrFi)
  4609 | D:5      | 4609 ||| DROPPING +0 scale mail.
  4610 | D:5      | 4610 ||| UPGRADING to +0 chain mail.
  4620 | D:5      | 4620 ||| DRINKING 3 fuming black potions.
  4621 | D:5      | 4621 ||| DROPPING 2 potions of flight.
  4651 | D:6      | Reached skill level 1 in Throwing
  4670 | D:6      | Reached skill level 3 in Invocations
  4696 | D:6      | 4696 ||| READING scroll of enchant armour.
  4696 | D:6      | 4696 ||| ENCHANTING +0 pair of gloves.
  4721 | D:6      | Identified the +2 ring mail of Theory {Rampage rElec rPois
                  | Slay-4}
  4726 | D:6      | 4726 ||| INVOKING Heroism.
  4777 | D:6      | 4777 ||| Stepping ~*~*~tactically~*~*~ (hiding).
  4932 | D:6      | 4932 ||| INVOKING Heroism.
  4982 | D:6      | Found a stormy altar of Qazlal.
  5036 | D:6      | 5036 ||| INVOKING Heroism.
  5268 | D:6      | 5268 ||| INVOKING Heroism.
  5274 | D:6      | Reached skill level 8 in Axes
  5275 | D:6      | 5275 ||| Stepping ~*~*~tactically~*~*~ (hiding).
  5404 | D:6      | 5404 ||| DROPPING +2 ring mail of Theory {Rampage rElec
                  | rPois Slay-4}.
  5405 | D:6      | 5405 ||| UPGRADING to +4 ring of protection.
  5406 | D:6      | 5406 ||| READING scroll labelled ONUVED ZALI.
  5407 | D:6      | 5407 ||| READING scroll labelled VUOVISM JYUTZ.
  5408 | D:6      | 5408 ||| READING 3 scrolls labelled CUMAWU VUSTEN.
  5409 | D:6      | 5409 ||| READING 2 scrolls of identify.
  5409 | D:6      | 5409 ||| IDENTIFYING brown potion
  5410 | D:6      | 5410 ||| DROPPING potion of degeneration.
  5411 | D:6      | 5411 ||| DROPPING 2 scrolls of noise.
  5444 | D:7      | Reached XP level 9. HP: 50/54 MP: 12/12
  5501 | D:7      | 5501 ||| INVOKING Heroism.
  5506 | D:7      | Reached skill level 6 in Fighting
  5600 | D:7      | 5600 ||| Stepping ~*~*~tactically~*~*~ (hiding).
  5601 | D:7      | 5601 ||| Stepping ~*~*~tactically~*~*~ (hiding).
  5603 | D:7      | 5603 ||| Stepping ~*~*~tactically~*~*~ (hiding).
  5607 | D:7      | 5607 ||| INVOKING Heroism.
  5610 | D:7      | 5610 ||| DRINKING potion of curing.
  5610 | D:7      | 5610 ||| (to cure confusion)
  5650 | D:7      | 5650 ||| INVOKING Heroism.
  5671 | D:7      | 5671 ||| Stepping ~*~*~tactically~*~*~ (stealth).
  5782 | D:7      | 5782 ||| INVOKING Heroism.
  5887 | D:7      | Reached skill level 9 in Axes
  5940 | D:7      | 5940 ||| INVOKING Heroism.
  6474 | D:8      | 6474 ||| READING scroll of enchant weapon.
  6474 | D:8      | 6474 ||| ENCHANTING +2 heavy war axe.
  6571 | D:8      | 6571 ||| Stepping ~*~*~tactically~*~*~ (hiding).
  6572 | D:8      | 6572 ||| Stepping ~*~*~tactically~*~*~ (hiding).
  6854 | D:8      | 6854 ||| Stepping ~*~*~tactically~*~*~ (hiding).
  6858 | D:8      | 6858 ||| INVOKING Heroism.
  6871 | D:8      | 6871 ||| Stepping ~*~*~tactically~*~*~ (stealth).
  6882 | D:8      | 6882 ||| Stepping ~*~*~tactically~*~*~ (stealth).
  6935 | D:8      | 6935 ||| INVOKING Heroism.
  6949 | D:8      | 6949 ||| Stepping ~*~*~tactically~*~*~ (water).
  6957 | D:8      | 6957 ||| INVOKING Heroism.
  7192 | D:8      | Reached XP level 10. HP: 54/63 MP: 13/13
  7192 | D:8      | 7192 ||| FLEEEEING.
  7193 | D:8      | 7193 ||| FLEEEEING.
  7194 | D:8      | 7194 ||| FLEEEEING.
  7195 | D:8      | 7195 ||| FLEEEEING.
  7196 | D:8      | 7196 ||| FLEEEEING.
  7212 | D:8      | 7212 ||| FLEEEEING.
  7213 | D:8      | 7213 ||| FLEEEEING.
  7214 | D:8      | 7214 ||| INVOKING Heroism.
  7252 | D:8      | 7252 ||| DRINKING 2 potions of curing.
  7252 | D:8      | 7252 ||| (to cure confusion)
  7499 | D:8      | 7499 ||| DROPPING +0 ring mail of cold resistance.
  7500 | D:8      | 7500 ||| UPGRADING to +0 plate armour.
  7510 | D:8      | 7510 ||| DROPPING +0 chain mail.
  7511 | D:8      | 7511 ||| UPGRADING to +5 ring of evasion.
  7513 | D:8      | 7513 ||| READING 2 scrolls labelled XYASTRAMACE.
  7514 | D:8      | 7514 ||| DRINKING 2 smoky grey potions.
  7514 | D:8      | Gained mutation: You expend magic power (3 MP) to
                  | strengthen your wands. [potion of mutation]
  7514 | D:8      | Gained mutation: You are partially covered in iridescent
                  | scales. (AC +2) [potion of mutation]
  7514 | D:8      | Gained mutation: Your large and strong wings let you fly.
                  | [potion of mutation]
  7514 | D:8      | Gained mutation: Your muscles are strong. (Str +4, Int/Dex
                  | -1) [potion of mutation]
  7515 | D:8      | 7515 ||| READING 2 scrolls of identify.
  7515 | D:8      | 7515 ||| IDENTIFYING silvery potion
  7516 | D:8      | 7516 ||| DROPPING scroll of magic mapping.
  7517 | D:8      | 7517 ||| DROPPING potion of brilliance.
  7627 | D:9      | Noticed Erolcha
  7628 | D:9      | 7628 ||| INVOKING Heroism.
  7631 | Abyss:1  | Found a corrupted altar of Lugonu.
  7631 | Abyss:1  | Cast into level 1 of the Abyss (Erolcha)
  7647 | Abyss:1  | Found a corrupted altar of Lugonu.
  7665 | Abyss:1  | Noticed a bone dragon
  7670 | Abyss:1  | 7670 ||| INVOKING Heroism.
  7673 | Abyss:1  | Noticed a brown very ugly thing
  7675 | Abyss:1  | Noticed a brown very ugly thing
  7675 | Abyss:1  | Noticed a brown ugly thing
  7675 | Abyss:1  | HP: 15/63 [bone dragon (15)]
  7676 | Abyss:1  | 7676 ||| READING scroll of teleportation.
  7676 | Abyss:1  | HP: 2/63 [bone dragon (7)]
  7677 | Abyss:1  | Slain by a bone dragon

Levels and vault maps discovered:
D:1:      scummos_arrival_gate, layout_basic
D:2:      layout_loops_ring
D:3:      layout_loops_ring, dreamdust_ecumenical_altar_hidden_monk_grotto,
          minmay_ruptured, uniq_robin
D:4:      layout_basic, mainiacjoe_overflow_alcove_1,
          minmay_temple_entry_slanted, serial_forest,
          infiniplex_forest_straight_2, infiniplex_forest_clump_cross,
          infiniplex_forest_lined_2, infiniplex_forest_lined_room_2,
          infiniplex_forest_clump_medium, infiniplex_forest_lined_3,
          serial_shops, shop
D:5:      layout_cave_pools, gammafunk_ghost_necromancy
D:6:      layout_basic, general_overflow_altar
D:7:      layout_cave_pods
D:8:      layout_basic, hangedman_misty_isle
D:9:      layout_grid_maze, nrook_mini_backslash, hangedman_fish_farm,
          uniq_pikel, uniq_erolcha
Temple:   mainiacjoe_temple_cubbyholes
Abyss:1:  base: D:5, gammafunk_corrupted_shrine

Skill      XL: |  1  2  3  4  5  6  7  8  9 |
---------------+----------------------------+-----
Axes           | 2 3 4 5 7 8 9 |  9.9
Fighting       | 4 5 7 |  7.1
Dodging        | 1 |  1.7
Invocations    | 1 4 |  4.1
Throwing       | 2 |  2.1
Armour         | 4 5 |  5.1
Shields        | 4 |  4.5

Action                     |  1- 3 |  4- 6 |  7- 9 | 10-12 || total
---------------------------+-------+-------+-------+-------++-------
  Melee: War axe           |   155 |   127 |   171 |    19 ||   472
  Throw: Javelin           |       |       |    53 |     2 ||    55
         Boomerang         |       |       |     3 |       ||     3
 Invoke: Heroism           |       |     1 |    14 |     3 ||    18
    Use: Scroll            |     8 |     3 |     8 |     3 ||    22
         Potion            |     4 |     1 |     2 |     2 ||     9
 Armour: Scale mail        |    74 |    70 |       |       ||   144
         Ring mail         |       |    11 |    37 |       ||    48
         Chain mail        |       |       |    88 |     9 ||    97
         Plate armour      |       |       |       |    12 ||    12
  Dodge: Dodged            |    84 |    67 |    92 |    10 ||   253
  Block: Buckler           |    22 |    30 |    32 |     3 ||    87

Table legend:
 A = Non-vault XP
 B = Vault XP
 C = Vault XP percentage of total XP
 D = Non-vault monster count
 E = Vault monster count
 F = Vault count percentage of total count
                 A         B        C        D         E       F
            +---------+---------+-------+---------+---------+-------
      Total |    4130 |     810 |  16.4 |     157 |      17 |   9.8
            +---------+---------+-------+---------+---------+-------
        D:1 |      36 |       0 |   0.0 |      24 |       0 |   0.0
        D:2 |      41 |       0 |   0.0 |      21 |       0 |   0.0
        D:3 |      18 |      33 |  64.7 |      11 |      11 |  50.0
        D:4 |     427 |       0 |   0.0 |      25 |       0 |   0.0
        D:5 |     881 |       0 |   0.0 |      20 |       0 |   0.0
        D:6 |     877 |       0 |   0.0 |      20 |       0 |   0.0
        D:7 |    1274 |       0 |   0.0 |      18 |       0 |   0.0
        D:8 |     576 |     777 |  57.4 |      18 |       6 |  25.0
            +---------+---------+-------+---------+---------+-------
